[Event "Monday 09 April, Rapid Engine Tour 13+2 Rds 7, starts 16.00 ST"]
[Site "Infinity Chess"]
[Date "2018.4.9"]
[Round "5"]
[White "THE_MACHINE"]
[Black "RonWeasley"]
[Result "1/2-1/2"]
[ECO "C11"]
[WhiteElo "2572"]
[BlackElo "2452"]
[WhiteEngine "BrainFish_180408_x64_bmi2"]
[BlackEngine "BrainFish 090218_CTG"]
[EventType "Swiss"]
[WhiteTeam ""]
[BlackTeam ""]
[PlyCount "105"]
[TimeControl "780+2"]

1. e4 e6 2. d4 d5 3. Nc3 Nf6 4. e5 Nfd7 5. f4 c5 6. Nf3 Nc6 7. Be3 cxd4 
8. Nxd4 Qb6 9. Qd2 Qxb2 10. Rb1 Qa3 11. Bb5 Nxd4 12. Bxd4 a6 13. Bxd7+ Bxd7 
14. Rb3 Qe7 15. Rxb7 Rc8 16. O-O Qd8 17. Qf2 Rxc3 18. Bxc3 Qc8 19. Rb3 Ba4 
20. Bd4 Bxb3 21. axb3 Be7 22. c3 O-O 23. b4 Qc6 24. Ra1 Bd8 25. Bc5 Re8 
26. h3 Bc7 27. Kh2 h6 28. Qa2 a5 29. Bd4 axb4 30. cxb4 Rd8 31. Qf2 Rb8 
32. Bc5 Bb6 33. Bxb6 Rxb6 34. Ra8+ Kh7 35. Ra7 Kg8 36. Qc5 Qxc5 37. bxc5 Rb3 
38. g4 Rc3 39. Rc7 Kf8 40. f5 Ke8 41. Kg2 exf5 42. gxf5 d4 43. h4 Re3 
44. f6 gxf6 45. exf6 Re6 46. Kf3 d3 47. Re7+ Rxe7 48. fxe7 d2 49. Ke2 Kxe7 
50. Kxd2 h5 51. Ke3 Kd7 52. c6+ Kxc6 53. Ke4 1/2-1/2

[Event "Monday 09 April, Rapid Engine Tour 13+2 Rds 7, starts 16.00 ST"]
[Site "Infinity Chess"]
[Date "2018.4.9"]
[Round "4"]
[White "koalachess"]
[Black "Deep_Impact"]
[Result "1/2-1/2"]
[ECO "C58"]
[WhiteElo "2287"]
[BlackElo "2457"]
[WhiteEngine "stockfish_9_x64_popcnt_CTG"]
[BlackEngine "asmFishW_2018-04-07_bmi2"]
[EventType "Swiss"]
[WhiteTeam ""]
[BlackTeam ""]
[PlyCount "104"]
[TimeControl "780+2"]

1. e4 e5 2. Nf3 Nc6 3. Bc4 Nf6 4. Ng5 d5 5. exd5 Na5 6. Bb5+ c6 7. dxc6 bxc6 
8. Qf3 Be7 9. Bd3 O-O 10. Nc3 Rb8 11. O-O h6 12. Nge4 Nh7 13. Ng3 Ng5 14. Qe2 f5 
15. f3 Bd6 16. b3 Ne6 17. Bb2 Nf4 18. Qe3 Ne6 19. Qe1 Nf4 20. Qf2 c5 21. Bb5 a6 
22. Ba4 Ne6 23. d3 Bb7 24. Rad1 Qc7 25. Kh1 Rbd8 26. Nb1 Nd4 27. c3 Ne6 
28. Rfe1 c4 29. b4 Nf4 30. dxc4 Nxc4 31. Bc1 e4 32. Bxf4 Bxf4 33. Rxd8 Rxd8 
34. fxe4 Bxg3 35. hxg3 fxe4 36. Bb3 Kh8 37. Bc2 Re8 38. Nd2 Nxd2 39. Qxd2 Qxg3 
40. Re3 Qf4 41. a4 a5 42. b5 Re5 43. Kg1 Rh5 44. g3 Qf8 45. Bxe4 Bxe4 
46. Rxe4 Qf3 47. Qg2 Qd1+ 48. Kf2 Qc2+ 49. Kg1 Qc1+ 50. Kf2 Qc2+ 51. Kg1 Qd1+ 
52. Kf2 Qc2+ 1/2-1/2

[Event "Monday 09 April, Rapid Engine Tour 13+2 Rds 7, starts 16.00 ST"]
[Site "Infinity Chess"]
[Date "2018.4.9"]
[Round "4"]
[White "star99"]
[Black "OlivierEvan"]
[Result "1-0 "]
[ECO "B06"]
[WhiteElo "2432"]
[BlackElo "2383"]
[WhiteEngine "Cryptic Heroes 9.3B"]
[BlackEngine "Houdini 6"]
[EventType "Swiss"]
[WhiteTeam ""]
[BlackTeam ""]
[PlyCount "219"]
[TimeControl "780+2"]

1. e4 g6 2. d4 Bg7 3. Nf3 d6 4. c4 Bg4 5. Be2 Bxf3 6. Bxf3 Nc6 7. Be3 e5 
8. d5 Nd4 9. Nc3 c5 10. dxc6 bxc6 11. Rc1 Ne7 12. h4 h5 13. g3 Rb8 14. b3 O-O 
15. Bg2 c5 16. O-O Nec6 17. Rb1 Rb6 18. Rb2 Nb4 19. Bg5 Qd7 20. Kh2 Ra6 
21. Be3 Qd8 22. Na4 Qd7 23. Nc3 Qd8 24. Rg1 Qe7 25. Qd2 Qd7 26. Rgb1 Qg4 
27. Nb5 Rb8 28. Bg5 Qd7 29. Rd1 Kh7 30. Re1 Qg4 31. Ra1 Kg8 32. Be3 Rbb6 
33. Rf1 Qd7 34. Ra1 Qg4 35. Rf1 Qd7 36. Nc3 Rb8 37. Qd1 Qb7 38. f3 Qe7 
39. Rbf2 Rf8 40. Bg5 Bf6 41. Bc1 Bg7 42. Bh3 Qd8 43. Kh1 Kh7 44. Bg5 Bf6 
45. f4 exf4 46. gxf4 Bxg5 47. hxg5 Rg8 48. e5 Kg7 49. Ne4 Rxa2 50. Rxa2 Nxa2 
51. f5 Qe8 52. fxg6 Qxe5 53. Rxf7+ Kxg6 54. Rf6+ Kg7 55. Bg2 Nf5 56. Qf1 Ne3 
57. Rf7+ Kg6 58. Rf6+ Kg7 59. Rf7+ Kg6 60. Qf6+ Qxf6 61. Rxf6+ Kg7 62. Rxd6 Re8 
63. Nxc5 Re5 64. Ne6+ Kf7 65. c5 Nb4 66. Nd8+ Ke7 67. Bc6 Kf8 68. g6 Nf5 
69. Ne6+ Ke7 70. g7 Nxg7 71. Nxg7 Rxc5 72. Rd7+ Kf6 73. Ne8+ Ke5 74. Ba4 a6 
75. Nd6 Rd5 76. Nc4+ Kd4 77. Ra7 Kc3 78. Ne3 Re5 79. Rc7+ Kd3 80. Nc4 Re4 
81. Bd7 Kd4 82. Na5 Nd3 83. Bf5 Re1+ 84. Kg2 Ne5 85. Nc6+ Nxc6 86. Rxc6 Re3 
87. Be6 a5 88. Rc4+ Ke5 89. Rc8 Kd4 90. Bf7 Rc3 91. Rd8+ Ke3 92. Kg3 Rc1 
93. Bxh5 Rg1+ 94. Kh2 Rg5 95. Bf7 Kf4 96. Rd5 Rg7 97. Be8 Rg8 98. Ba4 Ra8 
99. Kg2 Ke4 100. Rc5 Kd4 101. Rc4+ Ke3 102. Kh3 Rf8 103. Rc5 Kf4 104. Rxa5 Rh8+ 
105. Kg2 Rd8 106. Kf2 Rd2+ 107. Ke1 Rh2 108. Rc5 Ke3 109. Kd1 Kd3 110. Bb5+ 1-0

[Event "Monday 09 April, Rapid Engine Tour 13+2 Rds 7, starts 16.00 ST"]
[Site "Infinity Chess"]
[Date "2018.4.9"]
[Round "4"]
[White "Thinker"]
[Black "Murx"]
[Result "1-0"]
[ECO "B12"]
[WhiteElo "2446"]
[BlackElo "2476"]
[WhiteEngine "BrainFish_180404_x64_modern_CTG"]
[BlackEngine "asmFishW_2018-04-07_popcnt"]
[EventType "Swiss"]
[WhiteTeam ""]
[BlackTeam ""]
[PlyCount "157"]
[TimeControl "780+2"]

1. e4 c6 2. d4 d5 3. e5 Bf5 4. Nf3 e6 5. Be2 Nd7 6. Nbd2 g5 7. h3 h6 8. Nf1 Bg6 
9. Ne3 c5 10. c4 cxd4 11. Nxd4 dxc4 12. Nxc4 Bg7 13. f4 Ne7 14. Nd6+ Kf8 
15. O-O Kg8 16. Nf3 gxf4 17. Bxf4 Nc6 18. Qe1 Ndxe5 19. Rd1 Nxf3+ 20. Bxf3 Qb6+ 
21. Kh1 Rd8 22. Be4 Bxe4 23. Qxe4 Qxb2 24. Bg3 Rd7 25. Kh2 Be5 26. Rf3 Rxd6 
27. Qg4+ Kf8 28. Rxd6 Rg8 29. Bxe5 Qxe5+ 30. Qf4 Qxf4+ 31. Rxf4 Ke7 32. Rd3 Rg5 
33. Rdf3 Nd8 34. Rh4 h5 35. Rc4 Rd5 36. Rc7+ Kd6 37. Rcc3 Ke7 38. Rfd3 Rxd3 
39. Rxd3 e5 40. Kg3 f5 41. Rd5 Nc6 42. Kh4 Ke6 43. Rd1 e4 44. Kxh5 Kf6 
45. Kh4 Ne5 46. Rd6+ Ke7 47. Rd4 Nc6 48. Rd1 Kf6 49. Kg3 Nb4 50. Rd6+ Ke7 
51. Rd4 Nd3 52. h4 Kf6 53. h5 Kg5 54. Rd5 a6 55. h6 Kxh6 56. Rxf5 Kg6 
57. Rf8 Kg5 58. Rb8 Nc5 59. Kf2 Kf4 60. Rf8+ Ke5 61. Ke3 Ke6 62. g4 Nd7 
63. Re8+ Kf7 64. Rxe4 Nf6 65. Rd4 Ke7 66. Kf4 Ne8 67. Kf5 Nc7 68. g5 Nb5 
69. Rd5 Nc3 70. Re5+ Kd6 71. g6 b5 72. g7 Nd5 73. g8=Q Ne7+ 74. Rxe7 Kxe7 
75. Qd5 b4 76. Qc6 b3 77. Qc7+ Kf8 78. Kf6 b2 79. Qf7# 1-0

[Event "Monday 09 April, Rapid Engine Tour 13+2 Rds 7, starts 16.00 ST"]
[Site "Infinity Chess"]
[Date "2018.4.9"]
[Round "4"]
[White "Dovahkiin"]
[Black "Time_bandit"]
[Result "1/2-1/2"]
[ECO "C55"]
[WhiteElo "2391"]
[BlackElo "2443"]
[WhiteEngine "Raubfisch ME262_GTZ16f_CTG"]
[BlackEngine "asmFishW_2018-02-02_popcnt"]
[EventType "Swiss"]
[WhiteTeam ""]
[BlackTeam ""]
[PlyCount "113"]
[TimeControl "780+2"]

1. e4 e5 2. Nf3 Nc6 3. Bc4 Nf6 4. d3 Bc5 5. O-O d6 6. c3 a5 7. Bg5 Ba7 
8. Nbd2 h6 9. Bh4 Qe7 10. Bb5 g5 11. Bg3 O-O 12. Nc4 Nh5 13. Bxc6 bxc6 
14. Nxa5 Nxg3 15. hxg3 Bd7 16. Qd2 f6 17. Nc4 h5 18. Ne3 Qh7 19. a4 h4 
20. g4 Bxe3 21. Qxe3 Bxg4 22. a5 Kf7 23. d4 Ke8 24. Nd2 Be6 25. f3 Qh5 
26. b4 Rg8 27. c4 g4 28. d5 Bc8 29. fxg4 Qxg4 30. Rf2 cxd5 31. cxd5 h3 
32. g3 Qxg3+ 33. Qxg3 Rxg3+ 34. Kh2 Rg4 35. Ra3 Rb8 36. a6 Ra8 37. b5 Bd7 
38. b6 cxb6 39. Nc4 Ra7 40. Nxb6 Bb5 41. Nc8 Rxa6 42. Rxa6 Bxa6 43. Nxd6+ Ke7 
44. Kxh3 Rg8 45. Nf5+ Kd8 46. Nd6 Ke7 47. Nf5+ Kd8 48. Nd6 Kc7 49. Rxf6 Bd3 
50. Re6 Rd8 51. Nc4 Bxe4 52. d6+ Kc6 53. d7+ Kxd7 54. Rxe5 Bh1 55. Re1 Rh8+ 
56. Kg3 Kc7 57. Rc1 1/2-1/2

[Event "Monday 09 April, Rapid Engine Tour 13+2 Rds 7, starts 16.00 ST"]
[Site "Infinity Chess"]
[Date "2018.4.9"]
[Round "4"]
[White "MarioDeMonti"]
[Black "MCDermont"]
[Result "1/2-1/2"]
[ECO "D31"]
[WhiteElo "2500"]
[BlackElo "2472"]
[WhiteEngine "stockfish_x64_bmi2_2018_02_18_CTG"]
[BlackEngine "BrainFish 090218"]
[EventType "Swiss"]
[WhiteTeam ""]
[BlackTeam ""]
[PlyCount "120"]
[TimeControl "780+2"]

1. d4 d5 2. c4 e6 3. Nc3 c6 4. e4 dxe4 5. Nxe4 Bb4+ 6. Bd2 Qxd4 7. Bxb4 Qxe4+ 
8. Be2 Na6 9. Ba5 b6 10. Qd6 Bd7 11. Bc3 f6 12. Nf3 Nh6 13. Rd1 Rd8 14. Qa3 Bc8 
15. Nd2 Qf4 16. Bh5+ Nf7 17. O-O c5 18. Qa4+ Ke7 19. Rfe1 Ng5 20. Re3 Rd6 
21. Rde1 Rhd8 22. Nf3 Kf8 23. a3 Nf7 24. Re4 Qh6 25. Rh4 g6 26. Bg4 Qg7 
27. Bh3 Bb7 28. Bxe6 Ne5 29. Bd5 Nxf3+ 30. Bxf3 Bxf3 31. gxf3 Nb8 32. b4 Qd7 
33. b5 Rd1 34. Rhe4 Rxe1+ 35. Rxe1 Kf7 36. Kg2 a5 37. Qc2 Qd3 38. Qc1 g5 
39. Qb2 Rd6 40. Re3 Qf5 41. Qe2 Nd7 42. Re7+ Kg6 43. Re8 Kh5 44. a4 Rd3 
45. Re3 Rxe3 46. fxe3 Kg6 47. e4 Qe6 48. Qd3 Ne5 49. Qd5 Qxd5 50. cxd5 Kf7 
51. Bxe5 fxe5 52. Kf2 Ke7 53. Ke2 Kd6 54. Kd3 h6 55. h3 h5 56. Kc4 h4 
57. Kd3 Ke7 58. Kc4 Kd6 59. Kd3 Kc7 60. Kc4 Kd6 1/2-1/2

[Event "Monday 09 April, Rapid Engine Tour 13+2 Rds 7, starts 16.00 ST"]
[Site "Infinity Chess"]
[Date "2018.4.9"]
[Round "4"]
[White "Susanne"]
[Black "SkyPilot"]
[Result "1/2-1/2"]
[ECO "C58"]
[WhiteElo "2506"]
[BlackElo "2457"]
[WhiteEngine "BrainFish_180408_x64_bmi2_CTG"]
[BlackEngine "stockfish_x64_bmi2_2018_04_07_CTG"]
[EventType "Swiss"]
[WhiteTeam ""]
[BlackTeam ""]
[PlyCount "117"]
[TimeControl "780+2"]

1. e4 e5 2. Nf3 Nc6 3. Bc4 Nf6 4. Ng5 d5 5. exd5 Na5 6. Bb5+ c6 7. dxc6 bxc6 
8. Qf3 Rb8 9. Be2 Be7 10. Ne4 O-O 11. Nxf6+ Bxf6 12. Nc3 c5 13. O-O Bb7 
14. Qd3 Qxd3 15. Bxd3 Nc6 16. Na4 Be7 17. c3 Rfd8 18. Bc2 Ba6 19. Rd1 Be2 
20. Re1 Bb5 21. b3 g6 22. Nb2 f5 23. f3 Bh4 24. g3 Bf6 25. Bd1 Na5 26. Kf2 Bc6 
27. Bc2 Rbc8 28. Re3 Re8 29. Rb1 Kg7 30. Na4 Nb7 31. Ba3 Red8 32. Rd1 Bb5 
33. Nb2 Rc6 34. d3 h5 35. Na4 Rcc8 36. Bb2 f4 37. Re2 Nd6 38. Ba3 fxg3+ 
39. hxg3 Bxa4 40. bxa4 h4 41. g4 Nf7 42. a5 Ng5 43. Rb1 c4 44. d4 exd4 
45. cxd4 Bxd4+ 46. Kg2 Re8 47. Rb7+ Kg8 48. Be7 Bc5 49. f4 h3+ 50. Kg3 h2 
51. Kxh2 Nf3+ 52. Kh1 Nd4 53. Bxg6 Nxe2 54. Bf6 Bd4 55. Rg7+ Kf8 56. Rf7+ Kg8 
57. Rg7+ Kf8 58. Rf7+ Kg8 59. Rg7+ 1/2-1/2

[Event "Monday 09 April, Rapid Engine Tour 13+2 Rds 7, starts 16.00 ST"]
[Site "Infinity Chess"]
[Date "2018.4.9"]
[Round "4"]
[White "RonWeasley"]
[Black "Katzenmaier"]
[Result "1/2-1/2"]
[ECO "D30"]
[WhiteElo "2450"]
[BlackElo "2490"]
[WhiteEngine "BrainFish 090218_CTG"]
[BlackEngine "Cfish 2018-04-08 64 NUMA POPC"]
[EventType "Swiss"]
[WhiteTeam ""]
[BlackTeam ""]
[PlyCount "225"]
[TimeControl "780+2"]

1. d4 d5 2. c4 e6 3. Nf3 Nf6 4. Nc3 c6 5. Bg5 h6 6. Bxf6 Qxf6 7. e3 Nd7 
8. Be2 g6 9. O-O Bg7 10. e4 dxe4 11. Nxe4 Qf4 12. Qc2 f5 13. Ned2 c5 14. g3 Qc7 
15. Nh4 Bxd4 16. Nxg6 Rg8 17. Nh4 Nf6 18. Ndf3 Rxg3+ 19. hxg3 Qxg3+ 20. Ng2 Ng4 
21. Qd2 Bxf2+ 22. Rxf2 Qxf2+ 23. Kh1 Bd7 24. Ne5 O-O-O 25. Nxg4 fxg4 26. Rd1 h5 
27. b3 g3 28. Qd3 h4 29. Bg4 Kb8 30. Rd2 Bc8 31. Rxf2 Rxd3 32. Rf8 Rd2 
33. Nxh4 Kc7 34. Rf7+ Kd6 35. Kg1 b5 36. Rxa7 bxc4 37. bxc4 Rd4 38. Rg7 Rxc4 
39. Rg6 Rc3 40. Bh5 Rc1+ 41. Kg2 Rc2+ 42. Kxg3 Rxa2 43. Kf4 Ra4+ 44. Kg3 Ra2 
45. Rg8 Bd7 46. Rd8 Ke7 47. Rb8 c4 48. Rb1 Bc6 49. Rc1 Kd6 50. Bg4 Ra3+ 
51. Kf4 c3 52. Rc2 Bd7 53. Ng2 e5+ 54. Kg3 Bxg4 55. Kxg4 Kc5 56. Ne3 Kd4 
57. Kf3 e4+ 58. Ke2 Rb3 59. Nf5+ Ke5 60. Ne3 Kd4 61. Nf5+ Ke5 62. Ne3 Rb1 
63. Nd1 Kf4 64. Rxc3 Rb8 65. Rc7 Ke5 66. Ke3 Rb3+ 67. Nc3 Kf5 68. Rc4 Rb2 
69. Rxe4 Rc2 70. Rf4+ Ke5 71. Rc4 Kf5 72. Rf4+ Ke5 73. Re4+ Kf5 74. Rc4 Rc1 
75. Rc8 Ra1 76. Rf8+ Kg4 77. Rc8 Rc1 78. Ke4 Re1+ 79. Kd3 Ra1 80. Ke2 Rc1 
81. Kd3 Ra1 82. Rg8+ Kf3 83. Rf8+ Kg4 84. Rf7 Rc1 85. Ne4 Ra1 86. Kc2 Ra4 
87. Nd6 Rd4 88. Nb5 Ra4 89. Kd3 Ra1 90. Nc3 Rc1 91. Rg7+ Kf3 92. Kd2 Ra1 
93. Kc2 Ra8 94. Rh7 Rd8 95. Rc7 Rd4 96. Kc1 Ke3 97. Rg7 Rh4 98. Rg3+ Kf2 
99. Rg7 Rh2 100. Re7 Rh3 101. Kc2 Kg1 102. Ne2+ Kf1 103. Nf4 Ra3 104. Rf7 Kf2 
105. Nd5+ Rf3 106. Re7 Kf1 107. Rg7 Rf2+ 108. Kd3 Rf8 109. Nc3 Rf3+ 
110. Kc2 Rf2+ 111. Kd3 Rf3+ 112. Kd2 Rf2+ 113. Kc1 1/2-1/2

[Event "Monday 09 April, Rapid Engine Tour 13+2 Rds 7, starts 16.00 ST"]
[Site "Infinity Chess"]
[Date "2018.4.9"]
[Round "4"]
[White "CrapCleaner"]
[Black "THE_MACHINE"]
[Result "1/2-1/2"]
[ECO "C50"]
[WhiteElo "2490"]
[BlackElo "2575"]
[WhiteEngine "komodo-11.3.1-64bit-BMI2_CTG"]
[BlackEngine "BrainFish_180408_x64_bmi2"]
[EventType "Swiss"]
[WhiteTeam ""]
[BlackTeam ""]
[PlyCount "174"]
[TimeControl "780+2"]

1. e4 e5 2. Nf3 Nc6 3. Bc4 Bc5 4. O-O Nf6 5. d3 a5 6. c3 d6 7. Bg5 O-O 8. a4 h6 
9. Bh4 g5 10. Bg3 Kg7 11. Na3 Ne7 12. Re1 Ng6 13. d4 exd4 14. Nxd4 h5 15. f3 h4 
16. Bf2 Ne5 17. Bb3 Nh5 18. Nc4 Qf6 19. Qc2 Re8 20. Rf1 Nf4 21. Rad1 Nxc4 
22. Bxc4 Bd7 23. Kh1 Re5 24. Be3 c6 25. Qd2 d5 26. Bb3 Rae8 27. Bc2 Kg8 
28. Rf2 Bb6 29. Rff1 Rd8 30. Nf5 Bxe3 31. Nxe3 Rde8 32. Kg1 Qh6 33. Rfe1 Be6 
34. Qd4 Bc8 35. Qd2 Qf6 36. Kh1 Qe7 37. g3 hxg3 38. hxg3 Nh5 39. g4 Nf4 
40. Ng2 Nxg2 41. Qxg2 Kg7 42. Qg3 f5 43. gxf5 Bxf5 44. Kg2 Bg6 45. c4 dxc4 
46. Rh1 Qe6 47. Qh2 g4 48. Qh6+ Kf7 49. Kf2 Qf6 50. f4 Rxe4 51. Bxe4 Rxe4 
52. Rd7+ Ke6 53. Rhd1 Qxf4+ 54. Qxf4 Rxf4+ 55. Kg3 Rf3+ 56. Kxg4 Rd3 
57. R7xd3 Bxd3 58. Kf4 Kd5 59. Rg1 Kd4 60. Rg7 b6 61. Rc7 Kc5 62. Ke3 Bc2 
63. Kd2 Bxa4 64. Ra7 Bb3 65. Kc3 Bd1 66. Rd7 Bf3 67. Ra7 Bd5 68. Ra8 Be6 
69. Re8 Bd7 70. Ra8 Be6 71. Re8 Kd5 72. Rd8+ Ke5 73. Ra8 Kd5 74. Ra6 Kc5 
75. Ra7 Bf5 76. Re7 Bd3 77. Ra7 a4 78. Rxa4 b5 79. Ra7 b4+ 80. Kd2 Kd4 
81. Rd7+ Ke5 82. Rd8 Ke4 83. Rd6 Ke5 84. Rxc6 Ke4 85. Rf6 c3+ 86. bxc3 bxc3+ 
87. Kxc3 Bb5 1/2-1/2

[Event "Monday 09 April, Rapid Engine Tour 13+2 Rds 7, starts 16.00 ST"]
[Site "Infinity Chess"]
[Date "2018.4.9"]
[Round "3"]
[White "OlivierEvan"]
[Black "TasicV"]
[Result "1/2-1/2"]
[ECO "A06"]
[WhiteElo "2383"]
[BlackElo "2380"]
[WhiteEngine "Houdini 6"]
[BlackEngine "SugaR.XPrO.1.4.64.POCNT_CTG"]
[EventType "Swiss"]
[WhiteTeam ""]
[BlackTeam ""]
[PlyCount "151"]
[TimeControl "780+2"]

1. Nf3 d5 2. d4 Nf6 3. c4 e6 4. Nc3 c6 5. Bg5 h6 6. Bxf6 Qxf6 7. e3 Nd7 
8. Bd3 dxc4 9. Bxc4 g6 10. O-O Bg7 11. e4 e5 12. d5 Nb6 13. Nd2 O-O 14. Bb3 h5 
15. h3 Bh6 16. Nf3 c5 17. Na4 Nxa4 18. Bxa4 a6 19. Bc2 c4 20. a4 Bd7 21. a5 Bb5 
22. Ba4 Rfc8 23. Qc2 Bf8 24. Qc3 Bd6 25. Ra2 Qf4 26. Re1 Kg7 27. g3 Qf6 
28. Kg2 Rc7 29. Rd1 Qe7 30. Qd2 Rac8 31. Rc1 Qd7 32. Bd1 Qe8 33. Nh4 Kh7 
34. Nf3 Kg7 35. Nh4 Kh7 36. Nf3 Bd7 37. Nh4 f6 38. Qc3 Bc5 39. Nf3 Kg7 
40. Qd2 Bb5 41. Nh4 Bd4 42. Be2 Qf8 43. Nf3 Bc5 44. g4 Bb4 45. Qe3 hxg4 
46. hxg4 Qc5 47. g5 Qxe3 48. gxf6+ Kxf6 49. fxe3 Rh7 50. Bxc4 Rxc4 51. Rxc4 Bxc4 
52. Ra4 Bxa5 53. Rxa5 Bd3 54. Ra4 Rc7 55. Nh2 Ke7 56. Nf3 Kf6 57. Nh2 Bc2 
58. Rb4 a5 59. Rb6+ Kg7 60. Ng4 Bxe4+ 61. Kg3 Bxd5 62. Nxe5 Bc6 63. Nxc6 bxc6 
64. e4 Kf6 65. Ra6 a4 66. Rxa4 Ke6 67. Kf4 Kd6 68. Rd4+ Ke6 69. Ra4 g5+ 
70. Kxg5 Ke5 71. Rc4 Rg7+ 72. Kh6 Rg2 73. Rxc6 Rxb2 74. Rc4 Rb6+ 75. Kh5 Rb3 
76. Ra4 1/2-1/2

[Event "Monday 09 April, Rapid Engine Tour 13+2 Rds 7, starts 16.00 ST"]
[Site "Infinity Chess"]
[Date "2018.4.9"]
[Round "3"]
[White "localhero"]
[Black "Vimtiroba"]
[Result "1/2-1/2"]
[ECO "C77"]
[WhiteElo "2408"]
[BlackElo "2389"]
[WhiteEngine "asmFishW_2017-10-04_popcnt"]
[BlackEngine "SF9 ''A6''_CTG"]
[EventType "Swiss"]
[WhiteTeam ""]
[BlackTeam ""]
[PlyCount "129"]
[TimeControl "780+2"]

1. e4 e5 2. Nf3 Nc6 3. Bb5 a6 4. Ba4 Nf6 5. O-O Be7 6. Re1 b5 7. Bb3 O-O 
8. c3 d5 9. exd5 Nxd5 10. Nxe5 Nxe5 11. Rxe5 c6 12. d4 Bd6 13. Re1 Qh4 
14. g3 Qh3 15. Be3 Be6 16. Qf3 a5 17. Qg2 Qf5 18. Bd1 b4 19. c4 Nxe3 
20. fxe3 Bxc4 21. Nd2 Bb5 22. Rc1 Rac8 23. Ne4 Rcd8 24. Nc5 Qg5 25. Ne4 Qe7 
26. Bf3 Bb8 27. Nd2 Rd6 28. Nc4 Bxc4 29. Rxc4 Ba7 30. Qf2 c5 31. dxc5 Re6 
32. Bd5 Re5 33. e4 Kh8 34. Kg2 f5 35. Rf1 Rd8 36. Qf4 fxe4 37. Rxe4 Rxe4 
38. Qxe4 Bxc5 39. Qxe7 Bxe7 40. Bc4 g6 41. Rf7 Rd2+ 42. Kf3 Bc5 43. Rc7 Rf2+ 
44. Ke4 Bd6 45. Rd7 Bc5 46. Rc7 Bf8 47. Rc8 Kg7 48. Rc7+ Kh6 49. Bg8 Bg7 
50. g4 g5 51. Ke3 Rxb2 52. Rc6+ Bf6 53. Rxf6+ Kg7 54. Rf5 Kxg8 55. Rxg5+ Kf7 
56. Rxa5 Rxh2 57. Ra7+ Kg6 58. Kf3 Kg5 59. Ra5+ Kf6 60. Ke3 Kg7 61. Rb5 Rxa2 
62. Rxb4 Ra3+ 63. Kf4 Ra7 64. Kg5 h6+ 65. Kh5 1/2-1/2

[Event "Monday 09 April, Rapid Engine Tour 13+2 Rds 7, starts 16.00 ST"]
[Site "Infinity Chess"]
[Date "2018.4.9"]
[Round "3"]
[White "Thinker"]
[Black "star99"]
[Result "1/2-1/2"]
[ECO "B32"]
[WhiteElo "2447"]
[BlackElo "2431"]
[WhiteEngine "BrainFish_180404_x64_modern_CTG"]
[BlackEngine "Cryptic Heroes 9.3B"]
[EventType "Swiss"]
[WhiteTeam ""]
[BlackTeam ""]
[PlyCount "235"]
[TimeControl "780+2"]

1. e4 c5 2. Nf3 Nc6 3. d4 cxd4 4. Nxd4 e5 5. Nb5 Nf6 6. N1c3 d6 7. Nd5 Nxd5 
8. exd5 Nb8 9. a4 Be7 10. Be2 O-O 11. O-O Nd7 12. Bd2 Nf6 13. Be3 a6 14. Na3 Rb8 
15. b4 b6 16. Nc4 a5 17. bxa5 bxa5 18. Qd2 Rb4 19. Rfb1 Rxb1+ 20. Rxb1 Ba6 
21. Nxa5 Bxe2 22. Nc6 Qd7 23. Qxe2 Nxd5 24. Nxe7+ Qxe7 25. Bd2 Qc7 26. Qd3 Nf4 
27. Bxf4 exf4 28. h4 Rd8 29. Rb4 d5 30. Qd2 h6 31. Rxf4 Rb8 32. g3 Rb1+ 
33. Kg2 Qc6 34. Qd3 d4+ 35. Qf3 Qc4 36. Qa8+ Kh7 37. h5 Qf1+ 38. Kh2 Qg1+ 
39. Kh3 Qf1+ 40. Kh2 Qg1+ 41. Kh3 Qf1+ 42. Qg2 Qh1+ 43. Qxh1 Rxh1+ 44. Kg4 Rc1 
45. Rxf7 Rxc2 46. Rd7 Rc4 47. a5 d3+ 48. Kf3 Rc5 49. g4 Rxa5 50. Ke3 Kg8 
51. Kxd3 Kf8 52. Ke2 Kg8 53. f3 Ra2+ 54. Kd3 Ra4 55. Ke2 Kh7 56. Rc7 Ra3 
57. Rd7 Ra2+ 58. Ke3 Ra4 59. Kd3 Ra5 60. Rd8 g5 61. hxg6+ Kxg6 62. f4 Kf7 
63. Rd6 Ra3+ 64. Ke4 Kg7 65. Re6 Ra4+ 66. Ke5 Ra5+ 67. Ke4 Ra7 68. Rd6 Ra2 
69. Rd7+ Kf6 70. Rd4 Kg7 71. Rd6 Ra8 72. Rd1 Kf6 73. Rd2 Kg7 74. Rd5 Ra7 
75. Kf5 Rf7+ 76. Ke4 Rc7 77. Rb5 Rc4+ 78. Ke5 Rc7 79. Kf5 Rf7+ 80. Ke4 Rc7 
81. Re5 Rc4+ 82. Kf5 Rc7 83. Rd5 Rf7+ 84. Ke4 Kg6 85. Rd6+ Kg7 86. Rc6 Re7+ 
87. Kf3 Re1 88. Rc5 Kf6 89. Rc6+ Kg7 90. Rd6 Re8 91. Rd7+ Kf6 92. Rd4 Kg7 
93. Rd7+ Kf6 94. Rh7 Kg6 95. Ra7 Kf6 96. Ra6+ Kg7 97. Ra4 Kf7 98. Ra7+ Kf6 
99. Rh7 Kg6 100. Rc7 Re1 101. Kf2 Ra1 102. Rc6+ Kg7 103. Rc7+ Kf6 104. Rc6+ Kg7 
105. Rc3 Ra4 106. Kf3 Kf6 107. Kg3 Ra6 108. Rd3 Ra4 109. Rb3 Ra6 110. Kh4 Ra1 
111. f5 Rh1+ 112. Kg3 h5 113. Rb6+ Kg7 114. g5 Rg1+ 115. Kf2 Rxg5 116. Rb7+ Kf6 
117. Rb6+ Kf7 118. Rb7+ 1/2-1/2

[Event "Monday 09 April, Rapid Engine Tour 13+2 Rds 7, starts 16.00 ST"]
[Site "Infinity Chess"]
[Date "2018.4.9"]
[Round "3"]
[White "SkyPilot"]
[Black "koalachess"]
[Result "1-0"]
[ECO "E10"]
[WhiteElo "2447"]
[BlackElo "2297"]
[WhiteEngine "stockfish_x64_bmi2_2018_04_07_CTG"]
[BlackEngine "stockfish_9_x64_popcnt_CTG"]
[EventType "Swiss"]
[WhiteTeam ""]
[BlackTeam ""]
[PlyCount "163"]
[TimeControl "780+2"]

1. d4 Nf6 2. c4 e6 3. Nf3 d5 4. Nc3 dxc4 5. e4 Bb4 6. Bg5 c5 7. Bxc4 cxd4 
8. Nxd4 Bxc3+ 9. bxc3 Qa5 10. Bb5+ Nbd7 11. Bxf6 Qxc3+ 12. Kf1 gxf6 13. h4 a6 
14. Rh3 Qb4 15. Be2 O-O 16. Rb1 Qd6 17. Qd2 Kh8 18. Rg3 Rg8 19. Rxg8+ Kxg8 
20. Rb3 Kf8 21. Rd3 Qb6 22. Qh6+ Ke7 23. Rd1 Qc5 24. Qd2 Kf8 25. Nf3 e5 
26. Nh2 Nb6 27. Rc1 Qd4 28. Qh6+ Ke7 29. Rc7+ Bd7 30. Ng4 Rc8 31. Qxf6+ Ke8 
32. Qh8+ Ke7 33. Qf6+ Ke8 34. Rxc8+ Bxc8 35. Qxe5+ Qxe5 36. Nxe5 Ke7 37. a3 f6 
38. Nc4 Na4 39. Ke1 b5 40. Ne3 Kd6 41. Kd2 Ke5 42. g3 Nc5 43. f3 Be6 
44. Kc3 Na4+ 45. Kb4 Nb2 46. Bf1 Kd4 47. Nc2+ Ke5 48. Kc3 Na4+ 49. Kd2 Nb6 
50. Bd3 Kd6 51. g4 Nc4+ 52. Bxc4 Bxc4 53. f4 a5 54. g5 fxg5 55. hxg5 Kc5 
56. Ke3 Bb3 57. Ne1 Kc4 58. Nd3 b4 59. axb4 a4 60. Nb2+ Kb5 61. Nxa4 Bxa4 
62. f5 Bc2 63. Kd4 Kc6 64. g6 hxg6 65. fxg6 Kd6 66. g7 Bb3 67. b5 Kd7 
68. Ke5 Bc4 69. Kf6 Ba2 70. e5 Bd5 71. b6 Bc4 72. e6+ Bxe6 73. b7 Bc4 
74. b8=Q Kc6 75. Qc8+ Kb5 76. Ke5 Ba2 77. Qb8+ Ka4 78. Qa7+ Kb4 79. Qxa2 Kc5 
80. g8=Q Kb5 81. Qb8+ Kc6 82. Qd5# 1-0

[Event "Monday 09 April, Rapid Engine Tour 13+2 Rds 7, starts 16.00 ST"]
[Site "Infinity Chess"]
[Date "2018.4.9"]
[Round "3"]
[White "Murx"]
[Black "Dovahkiin"]
[Result "1/2-1/2"]
[ECO "D31"]
[WhiteElo "2480"]
[BlackElo "2387"]
[WhiteEngine "asmFishW_2018-04-07_popcnt"]
[BlackEngine "Raubfisch ME262_GTZ16f_CTG"]
[EventType "Swiss"]
[WhiteTeam ""]
[BlackTeam ""]
[PlyCount "105"]
[TimeControl "780+2"]

1. d4 d5 2. c4 e6 3. Nc3 c6 4. e4 dxe4 5. Nxe4 Bb4+ 6. Bd2 Qxd4 7. Bxb4 Qxe4+ 
8. Be2 Na6 9. Ba5 b6 10. Qd6 Bd7 11. Bc3 f6 12. Nf3 Nh6 13. Rd1 Rd8 14. Qa3 Bc8 
15. Nd2 Qf4 16. Bh5+ Nf7 17. O-O c5 18. Qa4+ Ke7 19. Rfe1 Rhe8 20. Qc2 Bb7 
21. Qxh7 Rh8 22. Qg6 Rxh5 23. Qxh5 Rh8 24. Qg6 Qxh2+ 25. Kf1 Qh1+ 26. Ke2 Qxg2 
27. Qxg2 Bxg2 28. Rg1 Rh2 29. Nf1 Bxf1+ 30. Rdxf1 g5 31. Rh1 Rxh1 32. Rxh1 Nb4 
33. Bxb4 cxb4 34. b3 f5 35. Rc1 Kd6 36. Ke3 g4 37. Kf4 a5 38. Rh1 Ke7 
39. Rh5 Kf6 40. Ke3 e5 41. Ke2 e4 42. Rh1 f4 43. Rh5 Ne5 44. Rh6+ Ng6 
45. Rh1 Ne7 46. Rh6+ Ng6 47. Rh1 Ne5 48. Rh5 Nf3 49. Kf1 Nd2+ 50. Ke1 Nf3+ 
51. Kf1 Nd2+ 52. Ke1 Nf3+ 53. Kf1 1/2-1/2